 Dungeon Crawl Stone Soup version 0.16-a0-3061-g1c4ddba (webtiles) character file.

784 PolkaDot the Jinx (level 7, -2/46 HPs)
             Began as a Vampire Enchanter on Dec 10, 2014.
             Was an Initiate of Gozag.
             Shot with an arrow by a centaur (13 damage)
             ... on level 6 of the Dungeon.
             The game lasted 00:14:49 (5938 turns).

PolkaDot the Jinx (Vampire Enchanter)               Turns: 5938, Time: 00:14:49

Health: -2/46      AC:  4    Str:  7    XL:     7   Next: 55%
Magic:  5/12       EV: 12    Int: 19    God:    Gozag
Gold:   177        SH:  0    Dex: 14    Spells: 4 memorised, 0 levels left

rFire  . . .     SeeInvis +     p - +3 dagger
rCold  + + .     Clarity  .     b - +1 robe
rNeg   + + +     SustAb   .     (no shield)
rPois  ∞         Gourm    .     d - +0 helmet
rElec  .         Spirit   .     (no cloak)
rCorr  .         Warding  .     (no gloves)
rMut   .         Stasis   .     (no boots)
MR     .....                    (no amulet)
Stlth  +++++.....               (no ring)
                                (no ring)

@: very slightly contaminated, bloodless, non-regenerating, not resistant to
hostile enchantments, quite stealthy
A: bottle blood, fangs 3, see invisible, unbreathing
a: Bat Form, Potion Petition, Call Merchant, Bribe Branch, Renounce Religion


You were on level 6 of the Dungeon.
You worshipped Gozag.
Gozag was noncommittal.
You were bloodless.

You visited 2 branches of the dungeon, and saw 7 of its levels.

You collected 290 gold pieces.
You paid 113 gold pieces to Gozag.

Inventory:

Hand weapons
 p - a +3 dagger (weapon)
Missiles
 j - a throwing net (quivered)
Armour
 b - a +1 robe (worn)
 d - a +0 helmet (worn)
Scrolls
 a - 2 scrolls of magic mapping
 f - 2 scrolls of remove curse {unknown}
 g - a scroll of recharging
 h - a scroll of fog {unknown}
 o - a scroll of immolation {unknown}
Potions
 k - a potion of cancellation
Books
 c - a book of Maledictions

   Spells                             Type                      Level
   a - Corona                         Hexes                        1
   b - Sure Blade                     Hexes/Charms                 2
   c - Ensorcelled Hibernation        Hexes/Ice                    2
   d - Confuse                        Hexes                        3
   e - Dazzling Spray                 Conjuration/Hexes            3
   f - Enslavement                    Hexes                        4


   Skills:
 + Level 4.3 Short Blades
 - Level 2.1 Dodging
 + Level 7.8 Stealth
 - Level 2.0 Spellcasting
 * Level 9.7 Hexes
 - Level 1.1 Ice Magic


You couldn't memorise any spells.
You knew the following spells:

 Your Spells              Type           Power        Failure   Level  Hunger
a - Corona                Hex            #####..      1%          1    #......
b - Enslavement           Hex            #####...     3%          4    #####..
c - Confuse               Hex            #####...     1%          3    ###....
d - Ensorcelled Hibernat  Hex/Ice        ###...       3%          2    ###....


Dungeon Overview and Level Annotations

Branches:
Dungeon (6/15)             Temple (1/1) D:5

Altars:
Dithmenos
Fedhas
Gozag
Kikubaaqudgha
Okawaru
Ru
Sif Muna
Trog
Vehumet
Xom
Yredelemnul
Zin


Innate Abilities, Weirdness & Mutations

You do not heal naturally.
You can bottle blood from corpses.
You have razor-sharp teeth.
You have supernaturally acute eyesight.
You can survive without breathing.


Message History

The centaur shoots an arrow.
The arrow hits you.
* * * LOW HITPOINT WARNING * * *
The rat closely misses you. The hound bites you but does no damage.
Read which item? (? for menu, Esc to quit)
Blink to where?
Press: ? - help, Dir - move target cursor, p - hound You can't see any item there.
As you read the scroll of blinking, it crumbles to dust.
You are very lightly contaminated with residual magic.
Read which item? (? for menu, Esc to quit)
Blink to where?
Press: ? - help, Dir - move target cursor
As you read the scroll of blinking, it crumbles to dust.
There is an escape hatch in the ceiling here.
You start resting.
The centaur shoots an arrow.
The arrow hits you.
* * * LOW HITPOINT WARNING * * *
The centaur shoots an arrow.
The arrow hits you!
You die...
Your body crumbles into a pile of gold.

..... ....# .........
..... .....# ........#
##.... ......#
#.......##
#...#........## #...#
#..# ##B.##...c.....#
##...# #..##
#h.c##.........###...#
##..## ##§.###..#
#)....##...# ##...##
##(c.##...#
#..........####....##
#....##...#
##..@......##........
..<.##....#
#.....###...........#
....##....###....##
##....####..#
....#.....##.r..##
#...## ##..
....#..........##
#...# #..
..............## #..##
#.. ..............###
#..# ##..
###.............##
#..# ###...
####...........#
#..####.....


You could see a centaur and a rat.

Vanquished Creatures
  A phantom (D:5)
  Duvessa (D:5)
  A scorpion (D:5)
  Dowan (D:5)
  A goliath beetle (D:6)
  A hound (D:4)
  A giant frog skeleton (D:4)
  5 worker ants
  Natasha (twice) (D:5)
  Ijyb (D:4)
  A worker ant zombie (D:5)
  Robin (D:4)
  6 adders
  4 gnolls (D:4)
  2 giant mites
  2 worms
  4 giant geckos
  An ooze (D:2)
  An orc (D:3)
  A ball python (D:5)
  A bat skeleton (D:4)
  6 giant cockroaches
  25 goblins
  14 hobgoblins
  11 kobolds
  7 bats
  8 giant newts
  3 quokkas
  25 rats
138 creatures vanquished.

Notes
Turn   | Place    | Note
--------------------------------------------------------------
     0 | D:1      | PolkaDot, the Vampire Enchanter, began the quest for the Orb.
     0 | D:1      | Reached XP level 1. HP: 13/13 MP: 3/3
   112 | D:1      | Reached XP level 2. HP: 19/19 MP: 4/4
   116 | D:1      | Learned a level 2 spell: Ensorcelled Hibernation
   171 | D:1      | Reached skill level 5 in Stealth
   291 | D:1      | Reached skill level 5 in Hexes
   525 | D:2      | Reached skill level 1 in Ice Magic
   525 | D:2      | Reached XP level 3. HP: 22/24 MP: 3/6
  1294 | D:2      | Reached XP level 4. HP: 16/30 MP: 2/7
  1402 | D:2      | Reached skill level 6 in Hexes
  2260 | D:3      | Learned a level 3 spell: Confuse
  2307 | D:4      | Reached XP level 5. HP: 32/35 MP: 9/9
  2326 | D:4      | Reached skill level 7 in Hexes
  2676 | D:4      | Noticed Ijyb
  2685 | D:4      | Killed Ijyb
  2795 | D:4      | Noticed Robin
  2825 | D:4      | Killed Robin
  2885 | D:4      | Reached XP level 6. HP: 19/41 MP: 5/10
  3088 | D:4      | Reached skill level 8 in Hexes
  3894 | D:5      | Entered Level 5 of the Dungeon
  4039 | D:5      | Noticed Dowan
  4044 | D:5      | Noticed Duvessa
  4047 | D:5      | Killed Duvessa
  4057 | D:5      | Killed Dowan
  4268 | D:5      | Noticed an angel
  4433 | D:5      | Reached skill level 9 in Hexes
  4433 | D:5      | Reached XP level 7. HP: 33/46 MP: 12/12
  4544 | D:5      | Noticed Natasha
  4547 | D:5      | Killed Natasha
  4667 | D:5      | Noticed a rust devil
  4771 | D:5      | Noticed Natasha
  4781 | D:5      | Killed Natasha
  4904 | D:5      | Found a staircase to the Ecumenical Temple.
  4914 | Temple   | Entered the Ecumenical Temple
  5022 | Temple   | Became a worshipper of Gozag Ym Sagoz the Greedy
  5543 | D:5      | Learned a level 4 spell: Enslavement
  5938 | D:6      | Shot with an arrow by a centaur

Action                   |  1- 3 |  4- 6 |  7- 9 || total
-------------------------+-------+-------+-------++-------
Melee: Dagger            |   143 |   160 |    30 ||   333
 Cast: Ensorcelled Hiber |     8 |    33 |    17 ||    58
       Confuse           |       |     1 |     6 ||     7
Evoke: Wand              |       |       |    14 ||    14
  Use: Scroll            |       |     8 |     4 ||    12
       Potion            |       |     2 |     4 ||     6
 Stab: Sleeping          |    15 |    39 |    11 ||    65
       Distracted        |       |     1 |       ||     1
       Confused          |       |     1 |     1 ||     2
  Eat: Corpse            |       |     1 |       ||     1
